Cogmind - Beta 16 --- EXPLORER MODE // 2025.12.19 @ 12:46:36 Player: K.K.Y. Result: Destroyed by Y-45 Defender with Beam Rifle Performance ------------- Evolutions (0) 0 Regions Visited (4) 800 Robots Destroyed (53) 265 Value Destroyed (1308) 1308 Prototype IDs (12) 240 Alien Tech Used (0) 0 Bonus (0) 0 TOTAL SCORE: 2613 Bonus ------- None Cogmind --------- Core Integrity 0/250 Matter 116/300 Energy 74/100 System Corruption 1% Temperature Cool (9) Movement Treading (960) Ox10 Location -9/Recycling Parts ------- > --- POWER (1) -------- (None) > --- PROPULSION (2) --- Light Treads > --- UTILITY (3) ------ Improved Heat Sink Humpback > --- WEAPON (2) ------- Subdweller Laser Battle Cannon > --- INVENTORY (35) --- High-capacity Storage Unit Humpback Machine Analyzer Machine Analyzer Experimental Sensor Array Improved Terrain Scanner Makeshift Light Armor Plating Makeshift Light Armor Plating Recalibrator Autobeam Multitool SUBCON Basin (Full) Peak State ------------ > --- POWER ------------ (None) > --- PROPULSION ------- Light Treads > --- UTILITY ---------- Humpback Makeshift Light Armor Plating > --- WEAPON ----------- Battle Rifle Battle Cannon > --- INVENTORY -------- Improved Heat Sink High-capacity Storage Unit Humpback Machine Analyzer Machine Analyzer Experimental Sensor Array Improved Terrain Scanner Makeshift Light Armor Plating Recalibrator Subdweller Laser Multitool SUBCON Basin [Rating: 32] Favorites ----------- Power Light Nuclear Core Engine Ion Engine Power Core Light Nuclear Core Propulsion Light Treads Treads Light Treads Utility Medium Storage Unit Device Structural Scanner Storage Medium Storage Unit Protection Light Armor Plating Weapon Assault Rifle Energy Gun Subdweller Laser Ballistic Gun Assault Rifle Ballistic Cannon Battle Cannon Special Weapon Mining Laser Build | -11 -10 -10 -10 -9 ------- Run | Yrd Mat Min Sub Rec Slots Evolved 1 | . 1 . . . Power . | . . . . . Propulsion . | . . . . . Utility 1 | . 1 . . . Weapon . | . . . . . Parts Attached 27 | 7 5 2 13 . Power 2 | 1 . 1 . . Engine 1 | 1 . . . . Core 1 | . . 1 . . Reactor . | . . . . . Propulsion 6 | 2 2 . 2 . Treads 6 | 2 2 . 2 . Leg . | . . . . . Wheel . | . . . . . Hover . | . . . . . Flight . | . . . . . Utility 9 | 2 1 1 5 . Device 2 | . 1 . 1 . Storage 3 | 1 . . 2 . Processor . | . . . . . Hackware . | . . . . . Protection 4 | 1 . 1 2 . Artifact . | . . . . . Weapon 10 | 2 2 . 6 . Energy Gun 1 | . . . 1 . Energy Cannon . | . . . . . Ballistic Gun 7 | 2 2 . 3 . Ballistic Cannon 1 | . . . 1 . Launcher . | . . . . . Special Weapon 1 | . . . 1 . Impact Weapon . | . . . . . Slashing Weapon . | . . . . . Piercing Weapon . | . . . . . Special Melee Weapon . | . . . . . Unidentified Prototypes . | . . . . . Parts Lost 10 | . 1 . 9 . Power 1 | . . . 1 . Propulsion 2 | . . . 2 . Utility 3 | . 1 . 2 . Weapon 4 | . . . 4 . Highest Loss Streak 2 | . 1 . 2 . To Critical Strikes . | . . . . . Average Backups 8 | . 5 7 9 11 Power . | . . . . . Propulsion . | . 1 2 . . Utility 6 | . 2 4 7 9 Weapon . | . 1 1 . 1 Tool/Special . | . . . . . Unused Backups 11 | 2 1 . 1 7 Power 1 | . . . 1 . Propulsion . | . . . . . Utility 9 | 2 1 . . 6 Weapon . | . . . . . Tool/Special 1 | . . . . 1 Average Slot Usage (%) 79 | . 91 97 76 54 Engine 1 | . 12 2 . . Core 4 | . . 9 4 . Treads 20 | . 25 25 19 12 Device 6 | . 9 12 4 12 Storage 12 | . 12 12 12 12 Protection 9 | . 6 9 9 . Ballistic Gun 17 | . 24 25 16 . Ballistic Cannon 5 | . . . 6 12 Peak Build Rating 32 | 7 9 12 32 31 Average Rating 18 | 5 7 11 21 29 On Entrance 11 | . 7 8 12 29 Avg Prop Armor Cover (%) . | . . . . . Naked Turns . | . . . . . Heaviest Build 209 | 20 23 23 209 208 Greatest Support 40 | 40 40 40 40 20 Greatest Overweight (x) 10 | . . . 10 10 Average Overweight (x) 1 | . . . 1 10 Largest Inventory Capacity 35 | 10 10 10 35 35 Average Capacity 18 | 7 10 10 20 35 Most Carried 28 | 5 8 8 28 28 Average Carried 14 | 1 5 7 16 27 Final Capacity 35 | 10 10 10 35 35 Final Carried 28 | 2 7 8 28 27 Class Distribution -------------------- 67% | Hacker-Mutant 32% | Hauler-Mutant Dominant Class ---------------- Hacker-Mutant | -10/Materials Hacker-Mutant | -10/Mines Hacker-Mutant | -10/Subcaves Hauler-Mutant | -9/Recycling Resources | -11 -10 -10 -10 -9 ----------- Run | Yrd Mat Min Sub Rec Matter Collected 1720 | 286 249 140 1045 . Remotely . | . . . . . Salvage Created 1916 | 140 633 231 912 . Parts 117 | 11 27 13 66 . Haulers Intercepted 2 | . 2 . . . Recyclers Shooed 2 | . 2 . . . Parts Field Recycled . | . . . . . Retrieved Matter . | . . . . . Parts Self-Destructed . | . . . . . Prevented . | . . . . . Parts Restored . | . . . . . Kills | -11 -10 -10 -10 -9 ------- Run | Yrd Mat Min Sub Rec Combat Hostiles Destroyed 39 | . 9 8 22 . Guns 35 | . 9 8 18 . Cannons 4 | . . . 4 . Classes Destroyed 10 | 2 5 . 3 . Tunneler 3 | 3 . . . . Hauler 2 | . 2 . . . Recycler 4 | 1 3 . . . Mechanic 1 | . 1 . . . Turret 2 | . . . 2 . Watcher 2 | . 2 . . . Swarmer 13 | . 6 4 3 . Grunt 7 | . 3 4 . . Cobbler 2 | . . . 2 . Subdweller 19 | . . . 19 . Best Kill Streak 5 | 4 3 2 5 . Combat Bots Only 3 | . 3 2 3 . Max Kills in Single Turn 2 | 1 1 1 2 . Gunslinging 1 | . . . 1 . Exploded . | . . . . . Melee . | . . . . . Uniques/NPCs Destroyed . | . . . . . Combat | -11 -10 -10 -10 -9 -------- Run | Yrd Mat Min Sub Rec Hostile Shots Fired 245 | . 58 28 154 5 Missed 63 | . 17 11 33 2 Hits 182 | . 41 17 121 3 Projectile 182 | . 41 17 121 3 AOE 3 | . . . 3 . Critical Strikes 4 | . 1 1 1 1 Damage Taken 1802 | . 305 120 1348 29 Core 253 | . 14 27 192 20 Absorbed by Shields . | . . . . . Ignored by Resistances 1118 | . 200 78 823 17 Core Remaining (%) 100 | 100 . . . . Volleys Fired 230 | 8 43 18 159 2 Largest 2 | 2 2 2 2 2 Hottest 128 | 40 40 40 128 93 Shots Fired 411 | 16 86 37 268 4 Gun 330 | 16 86 37 189 2 Cannon 59 | . . . 57 2 Launcher . | . . . . . Special 22 | . . . 22 . Kinetic 385 | 16 86 37 244 2 Thermal 26 | . . . 24 2 Explosive . | . . . . . Electromagnetic . | . . . . . Robot Hit Streak 51 | 10 11 24 51 18 Robot Miss Streak 2 | 1 2 2 1 . Penetration Max . | . . . . . Secondary Targets 5 | . 3 . 2 . Max Gunslinging Chain 1 | . 1 . 1 . Shots Hit Robots 251 | 13 63 31 140 4 Core Hits 91 | 7 26 13 45 . Critical Kills 1 | . . . 1 . Critical Parts Destroyed . | . . . . . Critical Strikes 2 | . . . 2 . Destroy 2 | . . . 2 . Melee Attacks . | . . . . . Impact . | . . . . . Slashing . | . . . . . Piercing . | . . . . . Sneak Attacks . | . . . . . Combat Hostiles . | . . . . . Follow-up Attacks . | . . . . . Damage Inflicted 3647 | 100 722 395 2340 90 Guns 3081 | 100 722 391 1826 42 Cannons 562 | . . . 514 48 Explosions . | . . . . . Melee . | . . . . . Ramming 4 | . . 4 . . Kinetic 3557 | 100 722 391 2296 48 Thermal 86 | . . . 44 42 Explosive . | . . . . . Electromagnetic . | . . . . . Impact . | . . . . . Slashing . | . . . . . Piercing . | . . . . . Highest Corruption 1 | . 1 1 1 1 Average Corruption 1 | . 1 1 1 1 Corruption Purged . | . . . . . Corruption Blocked . | . . . . . Effects 79 | . 6 8 61 4 Message Errors 22 | . 3 1 16 2 Matter Fused 21 | . . 2 19 . Heat Flow Errors 6 | . . 1 5 . Energy Discharges 8 | . 1 . 6 1 Parts Fused 1 | . . . 1 . Data Loss (minor) 8 | . 2 2 4 . Data Loss (major) 4 | . . 1 2 1 Misfires 4 | . . 1 3 . Alerts 3 | . . . 3 . Weapon Failures 2 | . . . 2 . Overload Shots . | . . . . . Overflow Damage . | . . . . . Projectiles . | . . . . . Explosions . | . . . . . Melee . | . . . . . Knockbacks 9 | . . . 9 . Impact . | . . . . . Kinetic 9 | . . . 9 . Secondary . | . . . . . Self-Inflicted Damage . | . . . . . Shots . | . . . . . Rammed 1 | . . 1 . . Targets Rammed 1 | . . 1 . . Kicked . | . . . . . Crushed . | . . . . . Highest Temperature 253 | 12 12 146 253 . Average Temperature 38 | 5 5 45 68 . Received Heat Transfer 783 | . 108 117 540 18 Siege Activations . | . . . . . Martial Activations . | . . . . . Shielding Activations . | . . . . . Robots Disrupted . | . . . . . Combat Hostiles . | . . . . . Robots Corrupted . | . . . . . Combat Hostiles . | . . . . . Parts Fried . | . . . . . Impact Corruptions . | . . . . . Robots Melted . | . . . . . Combat Hostiles . | . . . . . Parts Melted 1 | . . . 1 . Heat Transferred 100 | . . . 50 50 Parts Sabotaged . | . . . . . Parts Stolen . | . . . . . Parts Stripped . | . . . . . Power Chain Reactions . | . . . . . Alert | -11 -10 -10 -10 -9 ------- Run | Yrd Mat Min Sub Rec Maximum Alert Level . | . . . . . Low Security (%) 100 | 100 100 100 . 100 Level 1 . | . . . . . Level 2 . | . . . . . Level 3 . | . . . . . Level 4 . | . . . . . Level 5 . | . . . . . High Security . | . . . . . Max Security . | . . . . . Peak Influence 57 | 10 57 50 . . Initial . | . . . . . Average 5 | 1 6 5 . . Influence Increases 648 | 20 268 200 160 . Destroy 0b10 Robot/C 440 | . 180 160 100 . Destroy 0b10 Robot/NC 60 | 20 40 . . . Destroy Leader 88 | . 48 40 . . Lose Combat Pursuer 60 | . . . 60 . Influence Decreases 648 | 20 268 200 160 . Time Decay 638 | 20 258 200 160 . Lost Part 10 | . 10 . . . Squads Dispatched 1 | . 1 . . . Investigation 1 | . 1 . . . Extermination . | . . . . . Reinforcement . | . . . . . Assault . | . . . . . Garrison . | . . . . . Intercept . | . . . . . Searches Triggered . | . . . . . Construction Impeded . | . . . . . Haulers Reinforced . | . . . . . Active Scanning Responses . | . . . . . Cargo Convoy Interrupts . | . . . . . Stealth | -11 -10 -10 -10 -9 --------- Run | Yrd Mat Min Sub Rec Distress Signals . | . . . . . Communications Jammed . | . . . . . Distress Signals . | . . . . . Times Spotted 51 | . 15 8 27 1 Peak Tracking Total 6 | . 3 2 6 1 Tactical Retreats 2 | . . . 2 . Traps | -11 -10 -10 -10 -9 ------- Run | Yrd Mat Min Sub Rec Traps Triggered 1 | . 1 . . . Indirectly . | . . . . . Trap Hack Attempts . | . . . . . Triggered . | . . . . . Disarmed . | . . . . . Reprogrammed . | . . . . . Reused . | . . . . . Traps Extracted . | . . . . . Installed . | . . . . . Triggered . | . . . . . Machines | -11 -10 -10 -10 -9 ---------- Run | Yrd Mat Min Sub Rec Machines Disabled 3 | . . . 3 . Max in Single Turn 1 | . . . 1 . Machines Repaired . | . . . . . Machines Dismantled . | . . . . . Machines Sabotaged . | . . . . . Overloaded Fab Kills . | . . . . . Hacking | -11 -10 -10 -10 -9 --------- Run | Yrd Mat Min Sub Rec Machines Accessed 9 | . 5 . 4 . Terminals 4 | . 4 . . . Fabricators . | . . . . . Repair Stations . | . . . . . Recycling Units 1 | . 1 . . . Scanalyzers . | . . . . . Garrison Access . | . . . . . Total Hacks 16 | . 8 . 8 . Successful 13 | . 5 . 8 . Failed 3 | . 3 . . . Catastrophic . | . . . . . Database Lockouts . | . . . . . Manual 9 | . 9 . . . Terminals 6 | . 6 . . . Fabricators . | . . . . . Repair Stations . | . . . . . Recycling Units 2 | . 2 . . . Scanalyzers . | . . . . . Garrison Access . | . . . . . Terminal Hacks 8 | . . . 8 . Record 5 | . . . 5 . Open Door 1 | . . . 1 . Proto ID Catalog 1 | . . . 1 . Release Object 1 | . . . 1 . Fabricator Hacks . | . . . . . Repair Station Hacks . | . . . . . Recycling Unit Hacks 1 | . 1 . . . Retrieve Components 1 | . 1 . . . Scanalyzer . | . . . . . Garrison Access Hacks . | . . . . . Unauthorized Hacks 4 | . 4 . . . Terminals 3 | . 3 . . . Botnet 3 | . 3 . . . Fabricators . | . . . . . Repair Stations . | . . . . . Recycling Units 1 | . 1 . . . Reject 1 | . 1 . . . Scanalyzers . | . . . . . Garrison Access . | . . . . . Data Cores Recovered . | . . . . . Used . | . . . . . Hacking Detections 2 | . 2 . . . Full Trace Events 1 | . 1 . . . Feedback Events 1 | . 1 . . . Corruption 1 | . 1 . . . Feedback Blocked . | . . . . . Robot Schematics Acquired . | . . . . . Robots Built . | . . . . . Authchips . | . . . . . Time . | . . . . . Total Robot Build Rating . | . . . . . Part Schematics Acquired . | . . . . . Parts Built . | . . . . . Authchips . | . . . . . Time . | . . . . . Total Part Build Rating . | . . . . . Part Studies Acquired . | . . . . . Parts Repaired . | . . . . . Time . | . . . . . Parts Recycled . | . . . . . Recycled Matter . | . . . . . Retrieved Matter . | . . . . . Retrieved Components 2 | . 2 . . . Parts Scanalyzed . | . . . . . Part Schematics Acquired . | . . . . . Parts Damaged . | . . . . . Bothacking | -11 -10 -10 -10 -9 ------------ Run | Yrd Mat Min Sub Rec Used RIF Installer . | . . . . . Robots Hacked . | . . . . . Non-combat . | . . . . . Combat . | . . . . . Robot Hacks Applied . | . . . . . Relay Couplers Released . | . . . . . Fabnet Peak Effective % . | . . . . . Robots Rewired . | . . . . . Allies Hacked . | . . . . . Hacks Repelled . | . . . . . Allies | -11 -10 -10 -10 -9 -------- Run | Yrd Mat Min Sub Rec Total Allies . | . . . . . Largest Group . | . . . . . Highest-Rated Group . | . . . . . Highest-Rated Ally . | . . . . . Total Orders . | . . . . . Ally Attacks . | . . . . . Total Damage . | . . . . . Kills . | . . . . . Allies Corrupted . | . . . . . Allies Melted . | . . . . . Intel | -11 -10 -10 -10 -9 ------- Run | Yrd Mat Min Sub Rec Active Infowar (turns) 4078 | . 904 1160 2014 . Structural 4078 | . 904 1160 2014 . Robot Analysis Total . | . . . . . Derelict Logs Recovered 3 | . . 2 1 . Drone Launches . | . . . . . Drone Recoveries . | . . . . . Exploration | -11 -10 -10 -10 -9 ------------- Run | Yrd Mat Min Sub Rec Turns Passed 11283 | 133 1163 1160 8620 207 Spaces Moved 3730 | 77 636 630 2366 21 Core 26 | 26 . . . . Treads 3704 | 51 636 630 2366 21 Legs . | . . . . . Wheels . | . . . . . Hover . | . . . . . Flight . | . . . . . Fastest Speed 50 | 50 160 160 160 960 Average Speed 245 | 122 160 160 288 960 Slowest Speed 960 | 160 160 160 960 960 Overloaded Moves . | . . . . . Propulsion Burnouts . | . . . . . Robots Hopped . | . . . . . Potential Cave-ins . | . . . . . Cave-ins Triggered . | . . . . . Exploration Rate (%) 60 | 5 94 99 94 11 Regions Visited 4 Branch Regions 3 Pre-discovered Areas . | . . . . . Known Exits Taken 4 | 1 1 1 1 . Unknown Exits Taken . | . . . . . Scrap Searched 11 | . . . 11 . Spaces Dug . | . . . . . Terrain Destroyed 2 | . . . 2 . Melee . | . . . . . Projectile 2 | . . . 2 . AOE . | . . . . . Terrain Rammed . | . . . . . Walls Destroyed . | . . . . . Machines Disabled . | . . . . . Actions | -11 -10 -10 -10 -9 --------- Run | Yrd Mat Min Sub Rec Total 5451 | 104 703 746 3874 24 Wait 1404 | . 3 92 1309 . Move 3726 | 76 635 629 2365 21 Hop . | . . . . . Pick Up 36 | 11 10 3 12 . Fast Attach 2 | . . . 2 . Attach 19 | 7 3 1 7 1 Detach 6 | . 2 . 4 . Swap 14 | . 3 1 10 . Drop 13 | 2 4 1 6 . Fire 230 | 8 43 18 159 2 Melee . | . . . . . Ram . | . . . . . Kick . | . . . . . Crush 1 | . . 1 . . Escape Stasis . | . . . . . Rewire . | . . . . . Trap . | . . . . . Miscellaneous . | . . . . . Route ------- -11/Scrapyard -10/Materials (discovered 5 exits: *Mat x3 / *Min / *Sub) -10/Mines (discovered 4 exits: *Mat x2 / Exi / *Sub) -10/Subcaves (discovered 3 exits: *Mat x2 / *Rec) -9/Recycling History --------- Turn | Location | Event 3 | -11/Scrapyard | Identified exit to Materials 3 | -11/Scrapyard | Discovered exit to Materials (range 16) 134 | -11/Scrapyard | Entered Materials 134 | -10/Materials | Evolved 1 slot: Utility x1 227 | -10/Materials | Identified exit to Mines 227 | -10/Materials | Discovered exit to Mines (range 16) 306 | -10/Materials | Build established: Hacker-Mutant 572 | -10/Materials | Identified exit to Materials 572 | -10/Materials | Discovered exit to Materials (range 3) 965 | -10/Materials | Discovered exit to Materials (range 5) 1076 | -10/Materials | Identified exit to Subcaves 1076 | -10/Materials | Discovered exit to Subcaves (range 13) 1185 | -10/Materials | Discovered exit to Materials (range 16) 1297 | -10/Materials | Entered Mines 1419 | -10/Mines | YI-UF0 nonchalantly dropped a Grenade Launcher on the ground 1630 | -10/Mines | Learned Materials machine intel 1729 | -10/Mines | Found a damaged Exp. Sensor Array with a note attached 1732 | -10/Mines | Found Prototype Device 1754 | -10/Mines | Discovered exit to Materials (range 7) 1884 | -10/Mines | Learned Materials stockpile data 1958 | -10/Mines | Discovered exit to Materials (range 8) 2340 | -10/Mines | Deemed a non-threat by the Exiles lab entrance 2340 | -10/Mines | Identified exit to Exiles 2340 | -10/Mines | Discovered exit to Exiles (range 6) 2423 | -10/Mines | Discovered exit to Subcaves (range 6) 2457 | -10/Mines | Entered Subcaves 2458 | -10/Subcaves | Approached by a straggling Scientist 2476 | -10/Subcaves | Curiously followed by a Cobbler waking with a query about "LVR3C" 2796 | -10/Subcaves | Shifting Twisted Machinery released Battle Cannon 2861 | -10/Subcaves | Shifting Twisted Machinery released Piercing Trap 4175 | -10/Subcaves | Shifting Twisted Machinery released Barrage Gun 4176 | -10/Subcaves | Shifting Twisted Machinery released Sub. Monowheel 4536 | -10/Subcaves | Identified exit to Materials 4536 | -10/Subcaves | Discovered exit to Materials (range 13) 4581 | -10/Subcaves | Shifting Twisted Machinery released Sub. Monowheel 5094 | -10/Subcaves | Identified exit to Recycling 5094 | -10/Subcaves | Discovered exit to Recycling (range 15) 5679 | -10/Subcaves | Core integrity fell below 50% 5766 | -10/Subcaves | A swath of the cavern ceiling suddenly collapsed 6118 | -10/Subcaves | Visited 4L-MR0's lab 6911 | -10/Subcaves | Visited Clippyterm 6915 | -10/Subcaves | Learned Factory trap positions 6915 | -10/Subcaves | Learned Factory garrison access intel 7195 | -10/Subcaves | Disturbed a concealed Subdweller 7230 | -10/Subcaves | Disturbed a concealed Subdweller 7230 | -10/Subcaves | Disturbed a concealed Subdweller 7230 | -10/Subcaves | Disturbed a concealed Subdweller 7231 | -10/Subcaves | Core integrity fell below 20% 7655 | -10/Subcaves | Found SUBCON Basin 7953 | -10/Subcaves | Build established: Hauler-Mutant 11077 | -10/Subcaves | Entered Recycling 11284 | -9/Recycling | Destroyed by Y-45 Defender with Beam Rifle Last Messages --------------- 10353_ OR-PQZ(u) tweaks Twisted Machinery. 10494_ System corrupted: Heat flow error (+273). 10570_ System corrupted: Substantial component data lost. 10633_ System corrupted: Matter fused (-7). 10814_ Q2FH%LEZ03YVY9NLYVP&LZ7CIN0SNGMQ 10924_ Tech Extrapolator violently self-destructs. 10924_ Battle Rifle destroyed. 10993_ Subatomizers dissect the Autobeam. 11022_ System corrupted: Component data lost. 11057_ Acquired Autobeam. LOCATION=RECYCLING GOAL=ESCAPE 11118_ KBR9YN>A0GQWVSBM|SUH5DP9 11198_ System corrupted: Energy discharge (-28). 11223_ T>TF0M:KLDMDWD1SRXMPB&FIC=Q>NOIH 5G6C 11272_ System corrupted: Substantial component data lost. 11278_ Y-45 Defender springs to life. Map ----- +----------------------------------------------------+ | ???????????????????????????????????????????????? | | ???????????????????????????????????????????????? | | ???????????????????????????????????????????????? | | ???????????????????????????????????????????????? | | ???????????????????????????????????????????????? | | ???????????????????????????????????????????????? | | ???????????????????????????????????????????????? | | ???????????????????????????????????????????????? | | ???????????????????????????????????????????????? | | ???????????????????????????????????????????????? | | ???????????????????????????????????????????????? | | ????????????????????????+??????????????????????? | | ???????????????????????? ??????????????????????? | | ?????????????????????### ##????????????????????? | | ?????????????????????# ????????????????????? | | ????????????????????? ????????????????????? | | ????????????????????? ????????????????????? | | ?????????????????????? ????????????????????? | | ??????????????????????r ????????????????????? | | ??????????????????????# #????????????????????? | | ??????????????????????# =????????????????????? | | ??????????????????##### *????????????????????? | | ??????????????????? # % ????????????????????? | | ????????????????????? + %##???????????????????? | | ??????????????????????# Y#???????????????????? | | ??????????????????????# @#????????????????????? | | ??????????????????????# #????????????????????? | | ??????????????????????# #??######????????????? | | ??????????????????????#r #?? #????????????? | | ????????????########### #? !#????????????? | | ????????????# # #? ! #????????????? | | ????????????# # u# #????????????? | | ????????????# # # ! #????????????? | | ????????????# + +! #????????????? | | ????????????# # #! !! #????????????? | | ????????????# # # ! #????????????? | | ????????????# # #? ! #????????????? | | ????????????# # #? ! ! !#????????????? | | ????????????## ######## #?? ! #????????????? | | ?????????????#????????#####??######????????????? | | ???????????????????????????????????????????????? | | ???????????????????????????????????????????????? | | ???????????????????????????????????????????????? | | ???????????????????????????????????????????????? | | ???????????????????????????????????????????????? | | ???????????????????????????????????????????????? | | ???????????????????????????????????????????????? | | ???????????????????????????????????????????????? | | ???????????????????????????????????????????????? | | ???????????????????????????????????????????????? | +----------------------------------------------------+ Best States ------------- Heat Dissipation 39 Energy Generation 14 Energy Capacity 250 Matter Stores 300 Matter Capacity 300 Sight Range 16 Terrain Scan Density 10 Armor Coverage 200 Resistance: KI 35 Resistance: TH 35 Resistance: EX 35 Resistance: EM 35 Resistance: I 35 Resistance: S 35 Resistance: P 35 Evasion (%) 50 Recoil Reduction 2 Offensive Hacking 20 Item Schematics ----------------- None Robot Schematics ------------------ None Fabricated ------------ Nothing Repaired ---------- Nothing Studied --------- None Alien Tech Used ----------------- None Achievements -------------- None Challenges ------------ None Game ------ Seed StrikeAnalysisRigger Manual? 0 Play Time 00:26:47 Cumulative 212.4 hours Start 2025.12.19 @ 11:49:35 End 2025.12.19 @ 12:46:36 Sessions 1 Manual Loads 0 Difficulty Explorer Special Mode None Game No. 321 Rogue 0 Adventurer 0 Explorer 321 Win Type - Total 0 Types 0/0/0/0/0/0/0/0/0/0 Lore% 71 Gallery% 68 Achievement% 53 Wizard Run 0 Options --------- Layout 1 ASCII 0 Keyboard 0 Movement Mouse Keybinds 0 Fullscreen 1 Font 24/Smallcaps Map View 50x35 Zoom Use 0% Tactical HUD 1 Map Filters NONE Filters NONE Steam 1 RUN: 4b5e8845-3365-401f-b00d-6a8945bed30f